Map: Turbo Cruise '84 LE

Players

ChaosWxrm - Winner!

  • Race: Zerg Zerg
  • League: Platinum
  • Spawn Location: 3:00

BiggieT

  • Race: Protoss Protoss
  • League: Platinum
  • Spawn Location: 7:00

VOD

Have the link to the VOD?

Description

Time

  • Played on: July 14, 2019, 4:45 p.m.
  • Length: 15:50
Show
View Real Time Build Order
Export as new Build Order

ChaosWxrm Zerg - Winner!

Build Orders: Hatch First, Brood Lord Corruptor 

Get SALT Encoding   

  12  0:01  Drone  
  13  0:12  Overlord  
  13  0:19  Drone  
  14  0:30  Drone x2  
  16  0:37  Drone  
  17  0:53  Hatchery  
  16  0:58  Drone  
  16  1:00  Drone  
  18  1:14  Extractor  
  18  1:16  Spawning Pool  
  16  1:23  Drone  
  16  1:24  Drone  
  18  1:28  Drone  
  19  1:39  Overlord  
  19  2:04  Zergling x2  
  19  2:05  Zergling x2  
  19  2:06  Queen x2  
  25  2:09  Zergling x2  
  26  2:17  Drone x2  
  28  2:24  Overlord  
  28  2:32  Drone  
  28  2:33  Drone  
  28  2:36  Metabolic Boost  
  30  2:42  Queen  
  32  2:50  Queen  
  34  2:52  Drone x2  
  34  2:54  Drone  
  37  3:05  Drone x3  
  40  3:23  Queen  
  40  3:24  Drone x2  
  44  3:27  Overlord  
  44  3:29  Overlord  
  44  3:41  Baneling Nest  
  44  3:43  Lair  
  44  3:46  Overlord  
  44  3:47  Overlord  
  43  4:04  Drone x6  
  43  4:08  Extractor  
  48  4:11  Extractor  
  47  4:22  Hatchery  
  46  4:34  Drone  
  46  4:35  Drone x11  
  58  4:53  Zergling x4, Hydralisk Den  
  59  5:01  Centrifical Hooks  
  59  5:03  Zergling x4  
  61  5:14  Drone x2  
  63  5:25  Hydralisk  
  63  5:26  Hydralisk  
  63  5:28  Overlord x3  
  67  5:36  Evolution Chamber  
  67  5:40  Evolution Chamber  
  65  5:43  Hydralisk x4  
  65  5:46  Overlord x2  
  65  5:48  Zergling x2  
  65  5:49  Zergling x6  
  77  5:51  Baneling x2  
  77  5:52  Baneling x7  
  77  6:07  Zergling x8  
  77  6:08  Zergling x2  
  82  6:15  Overlord x2, Hydralisk x2  
  82  6:47  Drone  
  82  6:48  Drone x14  
  82  6:53  Extractor  
  96  6:54  Extractor  
  96  6:56  Zerg Missile Weapons Level 1  
  96  6:58  Zerg Ground Armor Level 1  
  95  7:06  Evolution Chamber  
  94  7:23  Drone  
  94  7:24  Drone x10  
  94  7:29  Hydralisk  
  105  7:30  Hydralisk x3  
  105  7:34  Zerg Melee Weapons Level 1  
  113  7:40  Hatchery  
  112  7:52  Hydralisk, Queen  
  112  7:53  Hydralisk  
  112  7:54  Zergling x10  
  123  8:01  Overseer  
  123  8:08  Hydralisk  
  123  8:09  Hydralisk x2  
  123  8:11  Overlord x3  
  123  8:12  Overlord  
  129  8:17  Spore Crawler  
  128  8:23  Spine Crawler  
  127  8:32  Drone  
  127  8:33  Drone x9  
  135  8:54  Spine Crawler  
  134  8:56  Drone, Spine Crawler  
  134  8:57  Drone  
  135  9:04  Spine Crawler  
  135  9:05  Spine Crawler  
  135  9:06  Spine Crawler  
  132  9:10  Extractor x2, Hydralisk  
  132  9:11  Hydralisk x9  
  132  9:12  Zergling x4  
  152  9:24  Infestation Pit  
  151  9:32  Drone x3  
  151  9:33  Drone  
  140  10:03  Hydralisk x7  
  140  10:04  Hydralisk x9  
  140  10:05  Hydralisk  
  140  10:06  Hydralisk  
  168  10:09  Zerg Missile Weapons Level 2, Zerg Ground Armor Level 2  
  168  10:10  Zerg Melee Weapons Level 2  
  162  10:16  Overlord x3  
  154  10:27  Hydralisk  
  154  10:28  Hydralisk x6  
  150  10:43  Zergling x8  
  154  11:01  Zergling x10  
  154  11:02  Zergling x6  
  162  11:06  Spire  
  162  11:08  Hive  
  162  11:09  Muscular Augments  
  161  11:14  Extractor  
  160  11:25  Zergling x10  
  161  11:26  Zergling x18  
  161  11:30  Baneling x5  
  161  11:31  Baneling x7  
  161  11:32  Baneling x6  
  174  11:35  Drone x4  
  178  11:57  Overseer  
  178  11:58  Overseer  
  146  12:21  Grooved Spines  
  142  12:24  Hydralisk  
  142  12:25  Hydralisk x21  
  142  12:26  Hydralisk x2  
  142  12:29  Overlord x2  
  146  12:45  Zergling x2  
  146  12:46  Zergling x20  
  149  12:54  Greater Spire  
  149  12:55  Corruptor x3  
  151  13:12  Corruptor x4  
  153  13:13  Corruptor  
  153  13:14  Overlord x2  
  161  13:22  Hatchery  
  161  13:26  Hatchery  
  159  13:39  Drone x3, Corruptor x2  
  159  13:40  Corruptor  
  168  13:42  Zergling x2  
  168  13:43  Zergling x24  
  168  13:48  Overlord  
  181  13:52  Extractor  
  181  13:54  Extractor  
  180  14:10  Brood Lord x2  
  180  14:11  Brood Lord x3  
  180  14:12  Zergling x2  
  180  14:13  Zergling x18  
  172  14:44  Brood Lord x3  
  172  14:45  Zergling x2, Brood Lord x2  
  182  14:46  Zergling x28  
  182  14:47  Zergling x2  
  186  15:02  Hydralisk  
  186  15:03  Hydralisk x5  
Show
View Real Time Build Order
Export as new Build Order

BiggieT Protoss 

Build Orders: 1 Gate Expand, Chargelot Immortal 

Get SALT Encoding   

  12  0:00  Probe  
  13  0:13  Probe  
  14  0:19  Pylon  
  14  0:25  Probe  
  15  0:37  Probe  
  15  0:41  Gateway  
  16  0:45  Probe  
  17  0:53  Probe, Assimilator  
  18  1:10  Probe  
  19  1:22  Probe  
  20  1:29  Nexus  
  20  1:34  Probe  
  21  1:47  Cybernetics Core, Probe  
  22  2:00  Probe  
  23  2:02  Pylon  
  23  2:08  Gateway  
  23  2:11  Zealot  
  23  2:18  Warp Gate  
  25  2:23  Probe  
  25  2:29  Assimilator  
  26  2:31  Probe  
  27  2:37  Sentry  
  27  2:43  Probe  
  29  2:49  Probe  
  31  2:55  Probe  
  32  3:00  Stalker  
  32  3:01  Probe  
  35  3:07  Probe  
  35  3:11  Assimilator  
  36  3:13  Probe  
  36  3:15  Stalker  
  40  3:20  Probe  
  40  3:21  Twilight Council  
  40  3:25  Probe  
  41  3:35  Probe  
  41  3:36  Robotics Facility  
  41  3:38  Probe  
  42  3:43  Probe  
  44  3:50  Zealot  
  46  3:56  Pylon  
  46  3:59  Charge  
  46  4:06  Assimilator  
  46  4:11  Probe  
  46  4:14  Probe, Zealot  
  46  4:15  Pylon  
  50  4:19  Probe  
  50  4:23  Observer  
  52  4:26  Probe  
  52  4:28  Probe  
  54  4:38  Probe  
  54  4:39  Gateway  
  54  4:40  Probe  
  54  4:41  Gateway  
  54  4:44  Zealot  
  58  4:50  Probe, Pylon  
  59  4:54  Pylon  
  59  4:57  Probe  
  60  5:06  Warp Prism  
  60  5:07  Zealot  
  60  5:08  Zealot  
  66  5:29  Zealot x2  
  66  5:32  Probe x2  
  72  5:36  Nexus  
  72  5:44  Probe x2  
  74  5:54  Zealot x2  
  78  6:11  Probe  
  78  6:15  Pylon  
  78  6:18  Pylon  
  78  6:20  Pylon  
  78  6:24  Immortal  
  78  6:28  Probe  
  71  6:43  Zealot x2  
  71  6:44  Probe, Zealot x2  
  80  6:48  Probe  
  80  6:49  Robotics Facility  
  81  6:57  Shield Battery  
  81  6:58  Shield Battery  
  81  6:59  Probe  
  81  7:00  Shield Battery  
  82  7:02  Probe  
  82  7:03  Gateway  
  82  7:05  Gateway  
  83  7:09  Probe  
  83  7:11  Probe  
  83  7:12  Stalker x4  
  93  7:20  Forge  
  93  7:22  Probe  
  94  7:24  Forge  
  94  7:26  Observer, Probe  
  94  7:27  Probe  
  94  7:29  Assimilator  
  96  7:30  Immortal x2  
  96  7:31  Gateway  
  96  7:32  Assimilator  
  96  7:34  Probe  
  97  7:44  Probe  
  106  7:52  Probe  
  107  8:00  Probe  
  107  8:03  Zealot x4  
  116  8:06  Probe  
  117  8:29  Pylon  
  117  8:31  Probe x2, Pylon  
  117  8:32  Probe  
  117  8:33  Pylon  
  112  8:36  Zealot  
  114  8:42  Templar Archives  
  114  8:43  Probe x2, Gateway  
  114  8:44  Probe  
  114  8:47  Immortal x2, Gateway  
  125  8:52  Pylon  
  125  8:55  Probe  
  125  8:56  Pylon  
  125  8:58  Pylon  
  126  9:03  Probe  
  126  9:05  Probe  
  128  9:13  Probe, Nexus  
  128  9:15  Pylon  
  128  9:16  Pylon  
  129  9:18  Shield Battery  
  129  9:22  Probe  
  130  9:25  Shield Battery  
  130  9:26  Psionic Storm, Shield Battery  
  130  9:28  High Templar x3  
  130  9:29  High Templar x4  
  130  9:30  Probe  
  145  9:34  Probe  
  146  9:39  Shield Battery  
  146  9:42  Shield Battery  
  118  10:00  Archon x3  
  118  10:03  Zealot x4  
  118  10:04  Zealot x4  
  110  10:19  Stalker  
  100  10:25  Stalker  
  100  10:26  Stalker x4  
  100  10:27  Stalker x3  
  98  10:38  Probe  
  98  10:39  Immortal  
  98  10:40  Immortal  
  98  10:42  Probe  
  108  10:48  Probe  
  109  10:55  Probe x2  
  109  10:56  Forge  
  111  10:57  Probe  
  111  10:58  Forge  
  111  11:00  Probe  
  113  11:07  Observer  
  113  11:09  High Templar x6  
  113  11:10  High Templar x3  
  131  11:11  Probe  
  131  11:15  Probe, Gateway  
  133  11:19  Probe x2, Gateway  
  133  11:23  Immortal  
  133  11:25  Probe  
  140  11:55  High Templar x5  
  140  11:56  High Templar x4  
  140  11:59  Archon x3  
  148  12:17  Archon x2  
  148  12:18  Archon x3  
  148  12:20  Zealot  
  148  12:21  Zealot  
  119  12:31  Zealot x5  
  119  12:32  Zealot x2  
  113  12:51  Probe  
  106  12:57  Assimilator  
  106  12:58  Protoss Ground Weapons Level 1  
  106  13:00  High Templar x2  
  106  13:01  High Templar, Assimilator  
  106  13:02  Zealot x6  
  106  13:03  Zealot x2  
  106  13:04  Probe x2  
  130  13:07  Gateway  
  130  13:08  Gateway  
  130  13:11  Immortal x2  
  138  13:13  Gateway  
  138  13:14  Robotics Facility  
  138  13:15  Probe  
  138  13:18  Robotics Facility, Gateway  
  139  13:20  Probe  
  139  13:24  Stalker  
  139  13:25  Stalker x6  
  139  13:26  Stalker  
  156  13:28  Probe  
  157  13:43  Probe  
  158  13:50  Gateway  
  158  13:51  Pylon  
  158  13:52  Gateway  
  158  13:53  Pylon  
  152  14:04  High Templar x2  
  152  14:05  High Templar x3  
  160  14:10  Zealot x6  
  160  14:11  Zealot x3  
  132  14:41  Stalker x5  
  132  14:42  Stalker x2  
  132  14:43  Stalker x4  
  132  14:44  Stalker x2  
  132  14:45  Stalker x2  
  136  15:06  Stalker x5  
  136  15:07  Stalker x3  
  141  15:08  Stalker x2  
  141  15:09  Stalker x3  
  141  15:10  Stalker  
  112  15:40  High Templar x3  
  112  15:42  Zealot x6  
  102  15:43  Zealot x2  
Tags
 
Add a new tag
Caveats
  • Supply blocks, unpowered buildings, or Contaminate may cause inaccurate times.
  • Supply counts are checked every 10 seconds.